Map: Prion Terraces

Players

Clonemaster - Winner!

  • Race: Zerg Zerg
  • League: Diamond

Dragonnyx

  • Race: Protoss Protoss
  • League: Diamond

VOD

Have the link to the VOD?

Description

Time

  • Played on: Jan. 24, 2016, 4:35 a.m.
  • Length: 4:46
Show
View Real Time Build Order
Export as new Build Order

Clonemaster Zerg - Winner!

Build Orders: Hatch First 

Get SALT Encoding   

  12  0:01  Drone  
  13  0:12  Overlord  
  13  0:18  Drone  
  14  0:31  Drone x2  
  17  0:35  Drone  
  17  0:49  Drone  
  18  0:59  Drone  
  18  1:00  Hatchery  
  18  1:12  Spawning Pool  
  18  1:15  Drone  
  18  1:19  Drone  
  18  1:22  Extractor  
  18  1:28  Drone  
  19  1:46  Overlord  
  19  1:59  Queen  
  22  2:01  Zergling x2  
  22  2:05  Zergling x2  
  23  2:12  Drone, Queen  
  23  2:13  Drone  
  27  2:28  Metabolic Boost  
  27  2:32  Zergling x2  
  27  2:34  Hatchery  
  27  2:35  Drone  
  28  2:39  Drone  
  28  2:42  Zergling x2  
  30  2:54  Roach Warren  
  29  3:05  Drone x2  
  29  3:06  Drone x2  
  29  3:07  Overlord  
  29  3:12  Overlord  
  32  3:22  Zergling x4  
  32  3:23  Drone  
  35  3:35  Roach x4  
  35  3:40  Roach  
  47  3:41  Roach  
  47  3:45  Roach  
  49  3:52  Roach x2  
  53  3:56  Roach  
  55  4:07  Spore Crawler, Extractor  
  55  4:08  Spore Crawler, Drone  
  55  4:09  Drone x4  
  57  4:20  Overlord x2  
Show
View Real Time Build Order
Export as new Build Order

Dragonnyx Protoss 

Build Orders: Nexus First, Dark Templar Rush 

Get SALT Encoding   

  12  0:01  Probe (Chrono Boost)  
  13  0:11  Probe (Chrono Boost)  
  14  0:22  Probe (Chrono Boost)  
  14  0:24  Pylon  
  15  0:42  Probe (Chrono Boost)  
  16  0:53  Probe (Chrono Boost)  
  17  1:02  Nexus  
  17  1:07  Probe (Chrono Boost)  
  18  1:15  Gateway  
  18  1:20  Probe (Chrono Boost)  
  19  1:26  Assimilator  
  19  1:32  Assimilator  
  19  1:33  Probe (Chrono Boost)  
  20  1:43  Gateway  
  20  1:47  Probe (Chrono Boost)  
  21  1:58  Probe (Chrono Boost)  
  22  2:05  Cybernetics Core  
  22  2:12  Pylon  
  22  2:16  Probe (Chrono Boost)  
  22  2:17  Zealot  
  25  2:29  Probe (Chrono Boost)  
  26  2:31  Probe (Chrono Boost)  
  27  2:45  Twilight Council  
  27  2:57  Mothership Core (Chrono Boost)  
  30  2:58  Probe (Chrono Boost)  
  30  3:10  Pylon  
  30  3:17  Pylon  
  30  3:19  Probe (Chrono Boost)  
  31  3:20  Probe (Chrono Boost), Pylon  
  32  3:33  Dark Shrine  
  31  3:41  Gateway x2  
  31  3:47  Probe (Chrono Boost)  
  32  3:51  Probe (Chrono Boost)  
  33  4:00  Probe (Chrono Boost)  
  34  4:04  Gateway  
  34  4:06  Probe (Chrono Boost)  
  35  4:15  Probe (Chrono Boost)  
  36  4:17  Probe (Chrono Boost)  
  36  4:23  Pylon  
  37  4:28  Probe (Chrono Boost)  
  38  4:32  Gateway  
Tags
 
Add a new tag
Caveats
  • Supply blocks, unpowered buildings, or Contaminate may cause inaccurate times.
  • Supply counts are checked every 10 seconds.